Map: [ESL] Hardwire

Players

SpeCial

  • Race: Terran Terran

Ryung - Winner!

  • Race: Terran Terran

Event: IEM Katowice 2022

VOD

Have the link to the VOD?

Description

Time

  • Played on: Feb. 24, 2022, 11:15 a.m.
  • Length: 19:14

All games in this series

Show
View Real Time Build Order
Export as new Build Order

SpeCial Terran 

Build Orders: Reaper Expand 

Get SALT Encoding   

  12  0:00  SCV  
  13  0:12  SCV  
  14  0:17  Supply Depot  
  14  0:24  SCV  
  15  0:38  SCV  
  15  0:39  Barracks  
  16  0:42  Refinery  
  16  0:50  SCV  
  17  1:03  SCV  
  18  1:15  SCV  
  19  1:27  Reaper, Orbital Command  
  20  1:37  Command Center  
  20  1:49  Supply Depot  
  20  1:52  SCV  
  21  1:59  Marine  
  22  2:04  SCV  
  22  2:06  Factory  
  23  2:13  Refinery  
  23  2:16  SCV  
  23  2:20  Barracks Reactor  
  24  2:29  SCV  
  25  2:41  SCV  
  26  2:49  Hellion  
  26  2:50  Starport, Orbital Command  
  28  2:55  SCV  
  28  2:56  Marine x2  
  31  3:07  SCV  
  31  3:10  Factory Tech Lab  
  32  3:14  Marine x2  
  32  3:17  SCV  
  32  3:19  SCV  
  36  3:29  SCV  
  36  3:30  Command Center  
  36  3:31  SCV  
  36  3:33  Raven  
  40  3:36  Factory Tech Lab  
  40  3:37  Marine  
  40  3:38  Marine  
  40  3:41  Supply Depot  
  42  3:43  SCV  
  42  3:46  SCV  
  44  3:56  SCV  
  44  3:58  SCV  
  44  4:02  Marine x2, Siege Tank  
  51  4:03  Supply Depot  
  51  4:08  SCV  
  52  4:10  SCV  
  54  4:25  SCV x2, Starport Reactor  
  55  4:32  Barracks  
  55  4:34  Barracks  
  55  4:37  SCV x2, Marine  
  58  4:42  Stimpack  
  58  4:43  Orbital Command  
  56  4:49  SCV x2  
  56  4:52  Refinery, Siege Tank  
  61  4:53  Refinery  
  61  4:55  Marine  
  61  4:59  Supply Depot  
  62  5:01  SCV x2  
  63  5:08  Medivac  
  63  5:11  SCV  
  63  5:13  SCV x2, Marine  
  67  5:19  Marine x2  
  67  5:20  Medivac  
  71  5:21  Supply Depot  
  71  5:23  SCV  
  71  5:25  SCV x2  
  74  5:29  Engineering Bay  
  74  5:30  Marine  
  74  5:31  Engineering Bay  
  74  5:33  Siege Tank  
  78  5:40  Supply Depot  
  78  5:41  Marine x3  
  81  5:45  SCV x2  
  81  5:46  Orbital Command  
  81  5:48  Supply Depot, Marine  
  84  5:59  SCV x2, Marine x2  
  88  6:05  Starport Reactor  
  88  6:06  Marine  
  89  6:11  SCV  
  89  6:12  Supply Depot, Barracks, Terran Infantry Weapons Level 1  
  89  6:13  Barracks, Terran Infantry Armor Level 1  
  89  6:14  Marine x2  
  89  6:15  SCV x2  
  89  6:17  Marine x2  
  96  6:19  Siege Tank  
  96  6:23  SCV  
  96  6:24  Marine  
  101  6:27  SCV x2  
  101  6:31  Supply Depot, Marine  
  101  6:32  Marine  
  103  6:35  Marine x2  
  103  6:36  SCV  
  103  6:39  SCV  
  98  6:48  SCV  
  98  6:49  Medivac x2  
  98  6:51  Siege Tank  
  98  6:52  SCV  
  98  6:53  Marine x2  
  105  6:56  Barracks Tech Lab  
  105  6:59  Marine  
  105  7:00  SCV  
  103  7:04  SCV  
  103  7:05  Marine x2  
  97  7:12  SCV  
  97  7:13  Marine x3  
  97  7:16  SCV, Combat Shield  
  98  7:23  Medivac  
  98  7:24  SCV  
  98  7:26  Marine, Medivac  
  98  7:28  SCV  
  105  7:33  Marine  
  105  7:34  Marine x3  
  105  7:36  SCV  
  110  7:40  SCV  
  110  7:41  Orbital Command  
  110  7:42  Marine  
  110  7:43  Marine  
  112  7:44  Marine  
  112  7:47  Orbital Command  
  112  7:48  SCV  
  114  7:51  Marine  
  114  7:52  SCV, Siege Tank  
  114  7:56  Supply Depot  
  119  8:00  SCV  
  119  8:02  Medivac x2  
  119  8:04  SCV, Marine x2  
  119  8:05  Barracks Reactor  
  108  8:09  Barracks Reactor  
  108  8:14  SCV x2  
  108  8:16  Marine x2  
  108  8:17  Marine  
  108  8:19  SCV  
  114  8:23  Supply Depot  
  114  8:26  SCV  
  115  8:28  Marine x2, Armory  
  115  8:29  Supply Depot  
  115  8:31  Siege Tank  
  112  8:34  Marine x2  
  112  8:35  SCV  
  112  8:36  Medivac x2  
  112  8:37  Marine  
  112  8:39  SCV  
  112  8:40  SCV  
  122  8:43  Marine x2  
  122  8:45  Marine  
  122  8:46  Refinery  
  122  8:47  Refinery, Marine  
  122  8:48  Marine  
  127  8:53  Marine  
  127  8:54  Marine x3  
  131  9:06  Supply Depot, Sensor Tower  
  131  9:07  Command Center  
  131  9:08  Marine  
  131  9:09  Marine x2  
  134  9:15  Medivac x2  
  134  9:16  Supply Depot, Marine  
  139  9:18  Terran Infantry Weapons Level 2  
  139  9:22  Terran Infantry Armor Level 2  
  139  9:23  Marine  
  140  9:27  SCV  
  140  9:29  Marine  
  142  9:38  Marine x2  
  135  9:40  Marine  
  135  9:42  Marine x2  
  135  9:43  Siege Tank  
  147  9:47  Marine x2  
  150  9:53  Viking x2  
  150  9:54  SCV x3  
  151  10:01  Factory  
  151  10:05  Barracks Reactor  
  151  10:06  SCV  
  151  10:07  Supply Depot  
  152  10:08  Marine x4  
  152  10:10  Marine x2  
  152  10:12  Marine  
  159  10:15  Siege Tank  
  159  10:19  Marine  
  163  10:23  Viking x2  
  163  10:27  Marine x2  
  163  10:28  Marine x2  
  171  10:30  Planetary Fortress  
  171  10:40  Marine  
  171  10:47  Siege Tank  
  171  10:49  Marine x2  
  176  10:51  Marine  
  176  10:52  Starport  
  176  10:55  Starport  
  177  10:57  Viking x2  
  177  11:04  Siege Tank  
  184  11:09  Terran Vehicle Weapons Level 1  
  184  11:11  Refinery  
  184  11:13  Refinery  
  184  11:19  Siege Tank  
  187  11:26  SCV  
  187  11:31  SCV x2, Viking x2  
  187  11:32  Supply Depot  
  194  11:33  Supply Depot  
  194  11:34  Sensor Tower  
  194  11:36  Starport Tech Lab x2  
  194  11:39  Terran Infantry Weapons Level 3  
  193  11:45  Supply Depot  
  192  11:51  Terran Infantry Armor Level 3  
  190  12:07  Marine  
  158  12:10  Siege Tank x2  
  158  12:11  Marine x3  
  158  12:12  Raven  
  160  12:16  Marine x2  
  160  12:19  Marine  
  160  12:20  Marine  
  142  12:23  Marine  
  142  12:24  Marine  
  142  12:25  Viking x2, Marine  
  142  12:29  Marine x3  
  144  12:31  Viking  
  144  12:33  Marine x2  
  149  12:37  Marine x2  
  149  12:41  Marine x2  
  149  12:42  Siege Tank  
  149  12:43  Marine  
  156  12:47  Marine x2  
  156  12:49  Marine  
  159  12:51  Marine x2  
  159  12:53  Siege Tank  
  159  12:55  Viking x3, Marine x2  
  172  12:59  Marine x2  
  172  13:01  Viking, Marine  
  172  13:04  Marine  
  172  13:05  Marine  
  179  13:09  Marine x2  
  179  13:10  Marine  
  181  13:13  Marine  
  181  13:14  Siege Tank  
  181  13:18  Marine  
  181  13:19  Marine  
  185  13:20  Marine  
  185  13:22  Marine x2  
  185  13:25  Raven, Viking x2, Marine, Siege Tank  
  193  13:29  Marine x2  
  193  13:32  Marine  
  163  13:34  Raven  
  163  13:35  Marine  
  163  13:36  Marine  
  163  13:37  Marine  
  163  13:38  Marine  
  163  13:39  Marine  
  163  13:40  Marine  
  170  13:43  Marine  
  170  13:46  Siege Tank  
  170  13:47  Marine  
  169  13:51  Marine x2  
  169  13:52  Sensor Tower  
  169  13:53  Marine  
  169  13:55  Viking, Marine x2  
  176  13:56  Marine  
  176  13:57  Marine  
  176  13:58  Marine  
  176  14:01  Marine  
  180  14:05  Marine  
  180  14:08  Raven  
  180  14:09  Marine x2  
  185  14:11  Marine  
  185  14:15  Siege Tank  
  186  14:17  Raven  
  186  14:18  Marine  
  186  14:21  Siege Tank  
  192  14:27  Marine  
  192  14:29  Marine x2  
  191  14:31  Marine  
  191  14:34  Marine  
  191  14:35  Marine  
  194  14:47  Viking x2  
  194  14:48  Marine  
  194  14:49  Marine  
  200  15:00  Raven  
  200  15:10  Command Center  
  200  15:13  Marine  
  200  15:14  Marine x2  
  170  15:15  Raven  
  170  15:16  Marine x2  
  170  15:20  Siege Tank  
  152  15:22  Marine  
  132  15:29  Marine  
  132  15:30  Marine x3  
  132  15:31  Marine x2  
  132  15:32  Marine  
  132  15:34  Marine x2  
  132  15:35  Medivac x2, Siege Tank  
  140  15:39  Marine  
  145  15:43  Raven  
  145  15:47  Marine x3  
  145  15:48  Marine  
  145  15:49  Marine x2  
  151  15:50  Marine  
  151  15:52  Marine x2  
  154  15:58  Raven  
  154  16:01  Siege Tank  
  160  16:05  Viking, Marine x4  
  160  16:07  Marine  
  160  16:08  Marine  
  160  16:10  Marine x2  
  169  16:15  Viking  
  169  16:17  Marine  
  172  16:23  Marine x4  
  172  16:25  Marine  
  177  16:26  Marine  
  177  16:27  Marine  
  177  16:28  Marine  
  177  16:31  Viking  
  180  16:34  Siege Tank  
  180  16:35  Viking, Marine  
  186  16:41  Viking, Marine x4  
  186  16:43  Marine  
  186  16:44  Marine  
  194  16:52  Marine  
  195  16:57  Viking  
  197  17:03  Marine  
  197  17:05  Viking  
  197  17:07  Siege Tank  
  191  17:10  Marine  
  191  17:12  Banshee, Viking  
  191  17:14  Marine  
  165  17:16  Marine x3  
  165  17:17  Marine  
  165  17:22  Siege Tank  
  172  17:24  Marine x2  
  172  17:27  Viking  
  172  17:29  Marine x2  
  178  17:34  Marine  
  177  17:41  Marine  
  178  17:48  Raven  
  178  17:50  Marine  
  181  17:52  Marine  
  181  17:53  Marine x3  
  181  17:55  Raven  
  181  17:56  Siege Tank  
  181  17:57  Siege Tank  
  193  17:59  Planetary Fortress  
  193  18:04  Marine  
  194  18:16  Refinery x2, Marine x2  
  194  18:18  Missile Turret  
  196  18:25  Marine x2  
  190  18:28  Siege Tank  
  190  18:31  Raven  
  190  18:45  Marine  
  190  18:46  Marine  
  181  18:48  Marine  
  181  18:54  Marine  
Show
View Real Time Build Order
Export as new Build Order

Ryung Terran - Winner!

Build Orders: Gas First Reaper Expand, Hellion Opening 

Get SALT Encoding   

  12  0:00  SCV  
  13  0:12  SCV  
  14  0:16  Supply Depot  
  14  0:24  SCV  
  14  0:27  Refinery  
  15  0:38  SCV  
  16  0:44  Barracks  
  16  0:50  SCV  
  17  1:02  SCV  
  18  1:14  SCV  
  19  1:30  Reaper, Orbital Command  
  19  1:32  Supply Depot  
  20  1:49  Command Center  
  20  1:56  SCV  
  21  2:03  Factory  
  21  2:08  SCV, Barracks Reactor  
  22  2:13  Refinery  
  22  2:20  SCV  
  23  2:32  SCV  
  24  2:44  SCV  
  24  2:49  Starport  
  25  2:53  Hellion x2  
  25  2:54  Barracks Tech Lab  
  25  2:56  SCV  
  30  3:00  Orbital Command  
  30  3:08  SCV  
  31  3:14  Hellion x2  
  31  3:18  Orbital Command  
  35  3:20  SCV  
  36  3:28  Refinery  
  36  3:31  Raven  
  38  3:35  SCV, Hellion  
  38  3:36  Hellion, Barracks Tech Lab  
  43  3:41  Supply Depot  
  43  3:43  SCV  
  43  3:47  SCV  
  45  3:55  SCV  
  46  4:03  Supply Depot, SCV, Cyclone  
  46  4:05  Marine x2  
  46  4:08  SCV  
  53  4:15  SCV  
  54  4:25  SCV, Raven, Marine x2  
  54  4:27  Supply Depot, SCV  
  60  4:35  Siege Tank  
  60  4:37  SCV  
  61  4:39  SCV  
  60  4:49  SCV  
  60  4:51  SCV  
  62  4:53  Marine x2  
  64  5:00  Command Center  
  64  5:01  SCV  
  64  5:03  SCV  
  66  5:07  Siege Tank  
  66  5:13  SCV  
  70  5:20  Supply Depot x2  
  70  5:29  Refinery  
  70  5:37  SCV, Viking x2  
  70  5:39  Siege Tank  
  70  5:42  SCV  
  79  5:43  Marine  
  79  5:49  SCV  
  81  5:50  Engineering Bay  
  81  5:51  Barracks x2  
  81  5:54  Engineering Bay  
  81  5:55  SCV  
  81  6:01  SCV  
  82  6:07  SCV, Viking x2  
  87  6:12  Marine  
  87  6:13  SCV  
  87  6:15  Orbital Command  
  87  6:16  Siege Tank  
  92  6:19  SCV  
  93  6:25  SCV  
  93  6:26  Terran Infantry Weapons Level 1, Terran Infantry Armor Level 1  
  93  6:31  SCV  
  95  6:34  Marine  
  95  6:38  SCV  
  95  6:39  Viking  
  98  6:41  Viking  
  99  6:52  Barracks Tech Lab  
  93  6:56  SCV  
  93  6:58  Barracks Tech Lab  
  94  7:09  SCV x2, Viking  
  94  7:11  SCV  
  94  7:14  Stimpack  
  99  7:15  Refinery  
  99  7:24  SCV x2  
  99  7:25  Barracks  
  99  7:27  Barracks, SCV  
  102  7:33  Refinery x2  
  102  7:34  Siege Tank  
  102  7:36  SCV x2  
  107  7:39  SCV  
  107  7:42  Combat Shield  
  107  7:48  SCV x2  
  109  7:54  Barracks Reactor  
  109  7:56  Supply Depot x2  
  109  7:57  Supply Depot  
  109  8:02  SCV  
  109  8:04  SCV  
  109  8:09  Armory  
  109  8:13  Barracks Reactor x2  
  109  8:16  Sensor Tower  
  109  8:17  Marine x2  
  109  8:18  SCV x2  
  111  8:28  SCV  
  111  8:30  SCV, Command Center  
  111  8:34  Marine, Siege Tank  
  113  8:35  Marine  
  113  8:37  Marine x2  
  113  8:39  SCV  
  113  8:40  SCV  
  115  8:42  Supply Depot x2, SCV  
  115  8:43  Supply Depot  
  116  8:52  Marine x2  
  116  8:55  Marine  
  119  8:57  Marine x5  
  119  8:59  Missile Turret x2  
  119  9:02  Missile Turret x2, SCV x3  
  127  9:05  Medivac  
  127  9:07  Medivac  
  131  9:11  Widow Mine  
  131  9:15  SCV x2  
  131  9:16  SCV  
  135  9:19  Terran Infantry Armor Level 2  
  134  9:29  Marine  
  134  9:30  Marine x4  
  138  9:32  Terran Infantry Weapons Level 2  
  138  9:33  Widow Mine  
  138  9:37  Marine  
  138  9:38  Marine x2  
  138  9:42  SCV x3  
  143  9:45  Medivac  
  143  9:46  Marine  
  143  9:49  Medivac  
  147  9:53  Terran Vehicle Weapons Level 1  
  147  9:54  SCV  
  147  9:56  Siege Tank  
  151  10:03  SCV x2, Factory  
  151  10:06  Barracks Reactor  
  153  10:10  Barracks Reactor  
  153  10:15  Marine x6  
  163  10:23  Supply Depot  
  163  10:26  Supply Depot, Liberator x2  
  165  10:35  Siege Tank  
  168  10:47  Marine x4  
  168  10:48  Marine  
  168  10:49  Marine x2  
  175  10:57  Supply Depot x2  
  175  11:06  Siege Tank  
  175  11:07  Siege Tank  
  175  11:09  Starport  
  175  11:10  Starport  
  181  11:16  Marine x3  
  181  11:17  Marine x2  
  181  11:18  Marine x3  
  187  11:20  Marine x2  
  191  11:33  Viking x2  
  191  11:34  Marine x3  
  191  11:35  Marine x2  
  191  11:37  Sensor Tower  
  200  11:45  Missile Turret, Command Center  
  200  11:49  Refinery  
  172  12:09  Siege Tank  
  172  12:10  Marine x2  
  172  12:13  Marine x3  
  173  12:17  Marine x2  
  173  12:19  Viking  
  173  12:20  Starport Tech Lab x2, Viking, Marine  
  173  12:21  Siege Tank  
  171  12:23  Planetary Fortress  
  171  12:25  Marine x2  
  171  12:26  Command Center  
  171  12:27  Refinery  
  171  12:28  Marine x2  
  169  12:31  Marine x2, Terran Infantry Weapons Level 3  
  169  12:34  Terran Infantry Armor Level 3  
  171  12:37  Marine x2  
  171  12:38  Marine x2  
  171  12:41  Siege Tank  
  171  12:43  Marine x2  
  180  12:46  Marine x2  
  182  12:53  Siege Tank  
  182  12:56  Terran Vehicle Weapons Level 2  
  184  13:05  Raven  
  184  13:07  Raven  
  184  13:11  Command Center  
  187  13:13  Siege Tank  
  185  13:31  Marine x6  
  185  13:33  Viking x2  
  170  13:37  Marine x2  
  170  13:38  Marine  
  170  13:39  Marine  
  169  13:48  Raven  
  169  13:49  Marine x4  
  169  13:50  Raven  
  174  13:59  Starport  
  174  14:01  Starport  
  174  14:03  Corvid Reactor  
  174  14:05  Viking x2  
  177  14:20  Planetary Fortress  
  177  14:21  Armory  
  177  14:23  Refinery x2  
  177  14:24  Orbital Command  
  172  14:26  Command Center  
  170  14:31  Siege Tank x2  
  170  14:37  Command Center  
  176  14:41  Starport Tech Lab, Raven x2  
  176  14:43  Starport Reactor  
  174  14:50  Sensor Tower  
  174  15:04  Raven  
  174  15:05  Viking  
  165  15:15  Marine  
  165  15:18  Marine x4  
  165  15:20  Siege Tank x2  
  165  15:21  Marine  
  153  15:22  Marine x2  
  153  15:24  Viking x2, Raven  
  153  15:25  Marine  
  153  15:26  Marine  
  156  15:33  Marine  
  147  15:36  Marine x3  
  147  15:37  Marine  
  151  15:43  Orbital Command  
  151  15:45  Marine  
  151  15:48  Marine x3  
  153  15:51  Planetary Fortress  
  153  15:54  SCV  
  153  15:57  Missile Turret, Terran Vehicle And Ship Armor Level 1  
  154  16:02  Viking x2  
  158  16:07  SCV x3  
  161  16:16  Siege Tank x2  
  167  16:19  Raven x2  
  167  16:21  Medivac  
  167  16:24  Medivac  
  175  16:38  Sensor Tower  
  175  16:40  Raven  
  175  16:41  Viking x2  
  181  16:48  Widow Mine, Siege Tank  
  181  16:51  Viking  
  185  17:04  Marine x2  
  185  17:05  Marine x4  
  185  17:06  Marine  
  185  17:12  Marine x3, Siege Tank  
  185  17:13  Raven x2  
  185  17:14  Viking x2  
  173  17:20  Siege Tank  
  173  17:22  Marine x2  
  178  17:23  Marine x3  
  178  17:25  Marine  
  178  17:26  Marine  
  183  17:32  Marine  
  183  17:33  Marine x2  
  191  17:50  Raven  
  198  17:54  Viking  
  193  18:04  Command Center  
  193  18:05  Factory  
  193  18:07  Command Center  
  193  18:08  Siege Tank  
  193  18:27  Refinery x2  
  193  18:33  Command Center  
  193  18:47  Marine x3  
  193  18:48  Marine x4  
  191  18:51  Missile Turret  
  191  18:52  Missile Turret, Marine  
  191  18:54  Missile Turret  

Tags
 
Add a new tag
Caveats
  • Supply blocks, unpowered buildings, or Contaminate may cause inaccurate times.
  • Supply counts are checked every 10 seconds.